 Dungeon Crawl Stone Soup version 0.29-a0-308-g4e025c60ea (webtiles) character file.

Game seed: 3590149532724685579

284 Colgate the Skirmisher (level 6, -2/91 HPs)
             Began as a Naga Artificer on Mar 28, 2022.
             Was an Initiate of Cheibriados.
             Slain by a gnoll
             ... wielding a +0 halberd
              (5 damage)
             ... on level 5 of the Dungeon.
             The game lasted 00:22:53 (5736 turns).

Colgate the Skirmisher (Naga Artificer)             Turns: 5736, Time: 00:22:53

Health: -2/91      AC:  9    Str: 18    XL:     6   Next: 29%
Magic:  6/6        EV:  7    Int: 12    God:    Cheibriados [......]
Gold:   68         SH:  0    Dex: 12    Spells: 5/5 levels left

rFire   . . .      SeeInvis +   a - +0 great mace (venom)
rCold   . . .      Faith    .   (shield currently unavailable)
rNeg    . . .      Spirit   .   r - +0 robe
rPois   +          Reflect  .   (no helmet)
rElec   .          Harm     .   h - +0 cloak
rCorr   .          Rampage  .   u - +0 pair of gloves
Will    .....                   n - +0 barding
Stlth   ..........              (no amulet)
HPRegen 0.25/turn               (no ring)
MPRegen 0.10/turn               (no ring)

@: berserking, very slow
A: AC +2, large, see invisible, deformed body, poison resistance, slowness 2,
spit poison 1, naga tail 1
a: Spit Poison, Renounce Religion


You were on level 5 of the Dungeon.
You worshipped Cheibriados.
Cheibriados was noncommittal.
You visited 2 branches of the dungeon, and saw 6 of its levels.

You collected 237 gold pieces.
You spent 169 gold pieces at shops.

Inventory:

Hand Weapons
 a - a +0 great mace of venom (weapon)
 G - a +0 bardiche
Missiles
 D - 5 javelins
Armour
 b - a +0 leather armour
 h - a +0 cloak (worn)
 n - a +0 barding (worn)
 r - a +0 robe (worn)
 s - a +0 scale mail
 t - a +0 ring mail
 u - a +0 pair of gloves (worn)
Magical Staves
 l - a staff of death
Wands
 c - a wand of flame (34)
 d - a wand of charming (15)
 e - a wand of iceblast (9) {@v2}
 o - a wand of digging (3) {@v3}
Scrolls
 g - 2 scrolls of brand weapon
 i - a scroll of fear {unknown}
 j - a scroll of fog
 k - 2 scrolls of teleportation {unknown}
 m - a scroll of blinking {unknown}
 p - a scroll of vulnerability {unknown}
 v - a scroll of silence {unknown}
 y - a scroll of noise {unknown}
 B - a scroll of identify {unknown}
 H - a scroll of torment {unknown}
 J - a scroll of immolation {unknown}
 K - a scroll of summoning {unknown}
Potions
 f - 2 potions of resistance {unknown}
 q - 2 potions of attraction
 w - a potion of berserk rage
 x - 2 potions of curing {unknown}
 z - a potion of ambrosia {unknown}
 A - a potion of heal wounds {unknown}
 C - a potion of lignification {unknown}
 E - a potion of brilliance
 F - a potion of degeneration
 I - a potion of magic {unknown}


   Skills:
 - Level 5.1 Fighting
 - Level 0.6 Maces & Flails
 - Level 1.5 Armour
 - Level 0.7 Dodging
 - Level 5.0 Stealth
 + Level 0.4 Transmutations
 - Level 3.0 Evocations


You had 5 spell levels left.
You didn't know any spells.
Your spell library contained the following spells:

 Spells                   Type           Power      Damage    Failure   Level
 Beastly Appendage        Tmut           2%         N/A       28%         1
 Foxfire                  Conj/Fire      0%         2x1d4     32%         1
 Wereblood                Tmut           1%         N/A       38%         2
 Spider Form              Tmut/Pois      0%         N/A       67%         3
 Conjure Flame            Conj/Fire      0%         6-21      69%         3
 Gell's Gravitas          Tloc           0%         N/A       69%         3
 Inner Flame              Hex/Fire       0%         N/A       69%         3
 Lesser Beckoning         Tloc           0%         N/A       69%         3
 Ozocubu's Armour         Ice            0%         N/A       69%         3
 Teleport Other           Tloc           0%         N/A       69%         3
 Flame Wave               Conj/Fire      0%         2d4       97%         4
 Metabolic Englaciation   Hex/Ice        0%         N/A       100%        5
 Simulacrum               Ice/Necr       0%         N/A       100%        6


Dungeon Overview and Level Annotations

Branches:
Dungeon (5/15)             Temple (1/1) D:5

Altars:
Ashenzari
Cheibriados
Elyvilon
Fedhas
Gozag
Hepliaklqana
Kikubaaqudgha
Makhleb
Nemelex Xobeh
Okawaru
Qazlal
Ru
Sif Muna
Trog
Vehumet
Wu Jian
Xom
Yredelemnul
The Shining One
Beogh

Shops:
D:3 :(!   D:5 (==

Annotations:
D:4 3 runed translucent doors, hemabe71's ghost, amateur HuAr
D:5 Edmund


Innate Abilities, Weirdness & Mutations

Your serpentine skin is tough. (AC +2)
You have supernaturally acute eyesight. (SInv)
Armour fits poorly on your strangely shaped body.
Your system is resistant to poisons. (rPois)
You cover ground very slowly.
You can spit poison.
You have a snake-like lower body.


Message History

You tear a large gash into the net.
The gnoll hits you from afar with a +0 halberd.
You rip the net and break free!
The gnoll hits you but does no damage.
A gnoll shaman comes into view. It is wielding a +0 club.
The gnoll hits you but does no damage. The gnoll closely misses you.
The gnoll hits you from afar with a +0 halberd!
The gnoll hits you but does no damage. x2
You hit the gnoll.
The gnoll is poisoned.
The gnoll hits you but does no damage.
The gnoll hits you with a +2 flail of distortion.
Space warps horribly around you!
The gnoll hits you from afar with a +0 halberd!
The gnoll hits you but does no damage. The gnoll closely misses you.
The gnoll hits you with a +2 flail of distortion.
Space warps horribly around you!
* * * LOW HITPOINT WARNING * * *
Aiming: Throw Flame
Aim: a gnoll, wielding a +0 halberd (75% to hit)
The puff of flame hits the gnoll.
The gnoll hits you from afar with a +0 halberd.
* * * LOW HITPOINT WARNING * * *
The gnoll hits you but does no damage.
Unknown command.
A red film seems to cover your vision as you go berserk!
Cheibriados forces you to slow down.
You feel mighty!
The gnoll hits you with a +2 flail of distortion.
* * * LOW HITPOINT WARNING * * *
Space warps around you.
* * * LOW HITPOINT WARNING * * *
The gnoll hits you from afar with a +0 halberd!
* * * LOW HITPOINT WARNING * * *
You thump the gnoll!
You kill the gnoll!
Cheibriados appreciates the change of pace.
The gnoll barely misses you.
The gnoll hits you from afar with a +0 halberd.
* * * LOW HITPOINT WARNING * * *
The gnoll closely misses you. The gnoll hits you with a +0 halberd.
You die...

#...#.# *,# *,*
*#..#.#
#######'#****,*
#######..#.#
#........,,,*,*
#..).†.....#
#........**,*,*
###.######...#
#..g.....**,*,*
..(∩......>..#
###........**,*,*
###.#######..#
#g.........,,,*,*
8............#
#g###......,***,*
.....##.###.## #@#
*......,+,,,*
..<...8.# #.# #.#
*,g....,*****
........###.####.#
*,...w.,*
....∩....##......#
*,,g...,*
#...............##
*,,....,*
#.8...>..######.#
*,,,,,,,*
#.#......# #.#
*,,,,,,,*
#.#.....8#
#.#*****+*****
#.#.....##
#..,,,,,,*


You could see 2 gnolls.

Vanquished Creatures
  A phantom (D:4)
  A hound (D:4)
  An iguana (D:5)
  A gnoll (D:5)
  4 adders
  3 worms (D:2)
  3 dart slugs
  5 orcs
  2 bats
  8 endoplasms
  4 giant cockroaches
  4 goblins
  10 hobgoblins
  3 jackals (D:2)
  5 quokkas
  9 ball pythons
  9 frilled lizards
  11 kobolds
  3 rats
87 creatures vanquished.

Notes
Turn   | Place    | Note
-------+----------+-------------------------------------------
     0 | D:1      | Colgate the Naga Artificer began the quest for the Orb.
     0 | D:1      | Reached XP level 1. HP: 18/18 MP: 1/1
   185 | D:1      | Reached XP level 2. HP: 25/25 MP: 2/2
   564 | D:1      | Reached XP level 3. HP: 31/31 MP: 3/3
  1114 | D:2      | Found a glowing golden altar of the Shining One.
  1124 | D:2      | Became a worshipper of the Shining One
  1233 | D:2      | Reached skill level 5 in Stealth
  1772 | D:2      | Reached XP level 4. HP: 39/39 MP: 4/4
  2676 | D:2      | Found a glowing golden altar of the Shining One.
  3217 | D:3      | Found Olued's Distillery.
  3482 | D:3      | Found Miexih's Antique Weapon Shop.
  3918 | D:3      | Found Akouck's Book Shoppe.
  4058 | D:3      | Bought a potion of brilliance for 52 gold pieces
  4058 | D:3      | Bought a potion of attraction for 39 gold pieces
  4058 | D:3      | Bought a potion of degeneration for 13 gold pieces
  4058 | D:3      | Bought a potion of berserk rage for 65 gold pieces
  4137 | D:4      | Noticed a phantom
  4142 | D:4      | Killed a phantom
  4143 | D:4      | Reached XP level 5. HP: 50/50 MP: 5/5
  4442 | D:4      | Found a broken altar of Ashenzari.
  4448 | D:4      | Reached XP level 6. HP: 58/58 MP: 6/6
  4705 | D:4      | Found a runed translucent gate.
  4706 | D:4      | Found a runed translucent gate.
  4706 | D:4      | Noticed hemabe71's ghost (amateur HuAr)
  4707 | D:4      | Found a runed translucent gate.
  5243 | D:5      | Entered Level 5 of the Dungeon
  5316 | D:5      | Found Zuruplam's Antique Weapon Emporium.
  5321 | D:5      | Found a staircase to the Ecumenical Temple.
  5330 | Temple   | Entered the Ecumenical Temple
  5574 | Temple   | Fell from the grace of the Shining One
  5574 | Temple   | Became a worshipper of Cheibriados the Contemplative
  5624 | D:5      | Found Paic's Jewellery Emporium.
  5627 | D:5      | Found Fiskaim's Jewellery Shop.
  5679 | D:5      | Reached skill level 5 in Fighting
  5682 | D:5      | Noticed Edmund
  5734 | D:5      | HP: 3/91 [gnoll/+0 halberd (11)]
  5736 | D:5      | Slain by a gnoll

Illustrated notes

Levels and vault maps discovered:
D:1:      dpeg_arrival_snail, layout_loops_ring, chequers_serial_rivers_small_a,
          corexii_corridor_pit
D:2:      layout_basic, basic_altar
D:3:      layout_loops_ring, serial_shops, nicolae_shop_window_shopping, shop,
          nicolae_lakefront_shop, chequers_arboretum
D:4:      layout_loops_corners, lemuel_tele_altar, biasface_ghost_orc_armoury,
          hangedman_decor_lopped
D:5:      layout_basic, temple_green, serial_shops, shop, nicolae_stop_n_shop_1,
          shop, minmay_liquid_box, guppyfry_shop_venom, uniq_ijyb, uniq_edmund,
          uniq_menkaure, uniq_duvessa
Temple:   hc_temple_tempest_star

Skill      XL: |  1  2  3  4  5  6 |
---------------+-------------------+-----
Stealth        | 3 4 5 |  5.0
Fighting       | 2 4 5 |  5.1
Maces & Flails | |  0.6
Armour         | |  1.5
Dodging        | |  0.7
Transmutations | |  0.4
Evocations     | |  3.0

Action                   |  1- 3 |  4- 6 || total
-------------------------+-------+-------++-------
Melee: Spear             |    35 |       ||    35
       Club              |     1 |       ||     1
       Great mace        |     7 |    42 ||    49
 Abil: Spit Poison       |    58 |    56 ||   114
Evoke: Wand              |     1 |     1 ||     2
  Use: Scroll            |       |     4 ||     4
       Potion            |       |     1 ||     1
 Stab: Sleeping          |     1 |       ||     1
Armor: Leather armour    |    18 |    20 ||    38
       Robe              |       |    18 ||    18
Dodge: Dodged            |    23 |    27 ||    50

Table legend: (Time is in decaauts)
 A = Elapsed time spent in this place.
 B = Non-inter-level travel time spent in this place.
 C = Inter-level travel time spent in this place.
 D = Time resting spent in this place.
 E = Time spent auto-exploring this place.
 F = Levels seen in this place.
 G = Mean time per level.
                   A        B        C        D        E       F      G
               +--------+--------+--------+--------+--------+-----+--------+
         Total |   7720 |   7177 |    543 |    291 |   5571 |   6 | 1286.7 |
       Dungeon |   7347 |   6859 |    488 |    291 |   5276 |   5 | 1469.4 |
        Temple |    372 |    318 |     54 |      0 |    295 |   1 |  372.0 |
               +--------+--------+--------+--------+--------+-----+--------+

Top non-repeatable levels by time:
     D:2: 2647 daAuts
     D:4: 1617 daAuts
     D:3: 1392 daAuts
     D:1: 1324 daAuts
  Temple: 372 daAuts
     D:5: 366 daAuts
